 Dungeon Sprint DCSS version 0.30-a0-528-g8c47a4955b (webtiles) character file.

Game seed: 13493831197239124688

0 Darkkill the Shooter (level 1, 0/18 HPs)
             Began as a Minotaur Hunter on Dec 23, 2022.
             Killed from afar by a white imp (9 damage)
             ... with a puff of frost
             ... in the Dungeon (Sprint VI: "Thunderdome").
             The game lasted 00:00:06 (19 turns).

Darkkill the Shooter (Minotaur Hunter)                Turns: 19, Time: 00:00:07

Health: 0/18       AC:  3    Str: 15    XL:     1   Next: 0%
Magic:  0/0        EV: 12    Int:  6    God:
Gold:   200        SH:  0    Dex: 13    Spells: 0/0 levels left

rFire   . . .      SeeInvis .    a - +0 shortbow
rCold   . . .      Faith    .    (shield currently unavailable)
rNeg    . . .      Spirit   .    c - +0 leather armour
rPois   .          Reflect  .    (helmet restricted)
rElec   .          Harm     .    (no cloak)
rCorr   .          Rampage  .    (no gloves)
Will    .....      NoTele   +    (no boots)
Stlth   +                        (no amulet)
HPRegen 0.23/turn                (no ring)
MPRegen 0.07/turn                (no ring)

@: no status effects
A: horns 2, retaliatory headbutt
a: no special abilities


You were in the Dungeon.
You visited 1 branch You collected 200 gold pieces.

Inventory:

Hand Weapons
 a - a +0 shortbow (weapon)
Armour
 c - a +0 leather armour (worn)
Wands
 k - a wand of quicksilver (5)
 l - a wand of iceblast (5)
Scrolls
 b - a scroll of immolation
 i - 4 scrolls of blinking
 m - 3 scrolls of fog
Potions
 d - a potion of curing {@q1}
 e - 4 potions of heal wounds
 f - 4 potions of haste
 g - 2 potions of magic
 h - a potion of berserk rage
 j - a potion of resistance


   Skills:
 + Level 2.4 Fighting
 + Level 4.3 Ranged Weapons
 + Level 2.1 Dodging
 + Level 0.7 Stealth


You couldn't memorise any spells.
You didn't know any spells.
Your spell library was empty.

Dungeon Overview and Level Annotations

Branches:
Dungeon (1/1)

Altars:
Cheibriados
Gozag
Qazlal
Ru
Sif Muna
Trog
Vehumet
Wu Jian
Xom
Lugonu

Shops:
D *(!!!!


Innate Abilities, Weirdness & Mutations

You have a pair of horns on your head.
You reflexively headbutt those who attack you in melee.


Message History

You have entered the arena!
You will win if you kill everything that spawns (including allies).
If it is a boss round, you only need to kill the boss in order to win.
If it is a lightning round, you only need to survive!
Welcome, Darkkill the Minotaur Hunter.
Press ? for a list of commands and other information.
Found 200 gold pieces.
Found a staircase leading out of the dungeon.
You now have 200 gold pieces.
j - a potion of resistance;
k - a wand of quicksilver (5)
l - a wand of iceblast (5);
f - 4 potions of haste (gained 3)
e - 4 potions of heal wounds (gained 3);
m - 3 scrolls of fog
i - 4 scrolls of blinking (gained 3)
There is a staircase leading out of the dungeon here.
Found a shimmering altar of Xom and a bloodstained altar of Trog.
Get ready!
Found a radiant altar of Vehumet and a shimmering blue altar of Sif Muna.
Found a corrupted altar of Lugonu and an ornate altar of the Wu Jian Council.
ROUND 1!
FIGHT!
Found Fyam's Weapon Rack and Tahud's Premium Goods.
Found a stormy altar of Qazlal.
Found a snail-covered altar of Cheibriados and a sacrificial altar of Ru.
Found Mypaylef's Do-It-Yourself Clinic and Nihiog's Distillery.
Found an opulent altar of Gozag.
A white imp comes into view. x2
Found Asije's Bottled Wisdom and Kefypt's Distillery.
Fire: a) +0 shortbow
Press: ? - help, Q - select action, (/) - cycle Shift-Dir - straight line, f - white imp
Aim: a white imp (60% to hit)
You shoot an arrow.
The white imp shouts, "Run away, thou errant toenail-biting haggard!"
The arrow hits the white imp.
The white imp is heavily wounded.
The white imp sputters.
Fire: a) +0 shortbow
Press: ? - help, Q - select action, (/) - cycle Shift-Dir - straight line, f/p - white imp
Aim: a white imp (heavily wounded, 60% to hit)
You shoot an arrow. The arrow hits the white imp.
The white imp is almost dead.
Fire: a) +0 shortbow
Press: ? - help, Q - select action, (/) - cycle Shift-Dir - straight line, f/p - white imp
Aim: a white imp (almost dead, 60% to hit)
You shoot an arrow.
The arrow hits the white imp but does no damage.
The white imp is almost dead.
The white imp lashes its tail.
The white imp gestures at you. The puff of frost hits you.
Fire: a) +0 shortbow
Press: ? - help, Q - select action, (/) - cycle Shift-Dir - straight line, f/p - white imp
Aim: a white imp (almost dead, 60% to hit)
You shoot an arrow. The arrow barely misses the white imp.
The white imp hits you. The white imp freezes you.
The white imp gestures at you. The puff of frost misses you.
The white imp misses you. You furiously retaliate!
You headbutt the white imp.
Fire: a) +0 shortbow
Press: ? - help, Q - select action, (/) - cycle Shift-Dir - straight line, f/p - white imp
Aim: a white imp (almost dead, 60% to hit)
You shoot an arrow.
The arrow hits the white imp but does no damage.
The white imp is almost dead.
The white imp closely misses you. x2
Fire: a) +0 shortbow
Press: ? - help, Q - select action, (/) - cycle Shift-Dir - straight line, f/p - white imp
Aim: a white imp (almost dead, 60% to hit)
You shoot an arrow.
The arrow hits the white imp but does no damage.
The white imp is almost dead.
The white imp hits you. The white imp freezes you.
The white imp hits you but does no damage.
Fire: a) +0 shortbow
Press: ? - help, Q - select action, (/) - cycle Shift-Dir - straight line, f/p - white imp
Aim: a white imp (almost dead, 60% to hit)
You shoot an arrow. The arrow hits the white imp.
You kill the white imp!
The white imp gestures at you. The puff of frost hits you!
Ouch! That really hurt!
You die...

###. ...### #⌠..
....⌠# #.8..
...8.###### .....
......_._∩# ...8.
.8........∩
...###...........
#...# #........
#.<.# #........
#...###@5......
.....###...........
...8. #.8........∩
..... #......___∩#
#.8.........8.######
#⌠...........⌠#
###.........###
#........_#
#_......._#


You could see a white imp.

Vanquished Creatures
  A white imp (D)
1 creature vanquished.

Notes
Turn   | Place    | Note
-------+----------+-------------------------------------------
     0 | D        | Darkkill the Minotaur Hunter began the quest for the Orb.
     0 | D        | Reached XP level 1. HP: 18/18 MP: 0/0
     3 | D        | Found a shimmering altar of Xom.
     3 | D        | Found a bloodstained altar of Trog.
     4 | D        | Found a radiant altar of Vehumet.
     4 | D        | Found a shimmering blue altar of Sif Muna.
     5 | D        | Found a corrupted altar of Lugonu.
     5 | D        | Found an ornate altar of the Wu Jian Council.
     5 | D        | Round 1.
     6 | D        | Found a stormy altar of Qazlal.
     6 | D        | Found Fyam's Weapon Rack.
     6 | D        | Found Tahud's Premium Goods.
     9 | D        | Found a snail-covered altar of Cheibriados.
     9 | D        | Found a sacrificial altar of Ru.
    10 | D        | Found Mypaylef's Do-It-Yourself Clinic.
    10 | D        | Found an opulent altar of Gozag.
    10 | D        | Found Nihiog's Distillery.
    11 | D        | Found Asije's Bottled Wisdom.
    11 | D        | Found Kefypt's Distillery.
    19 | D        | Killed from afar by a white imp

Illustrated notes

Levels and vault maps discovered:
D:        arena_sprint

Action                   || total
-------------------------++-------
 Fire: Shortbow          ||     7
Armor: Leather armour    ||     1
Dodge: Dodged            ||     4

Table legend: (Time is in decaauts)
 A = Elapsed time spent in this place.
 B = Non-inter-level travel time spent in this place.
 C = Inter-level travel time spent in this place.
 D = Time resting spent in this place.
 E = Time spent auto-exploring this place.
 F = Levels seen in this place.
 G = Mean time per level.
                   A        B        C        D        E       F      G
               +--------+--------+--------+--------+--------+-----+--------+
         Total |     20 |     18 |      2 |      0 |      0 |   1 |   20.0 |
       Dungeon |     20 |     18 |      2 |      0 |      0 |   1 |   20.0 |
               +--------+--------+--------+--------+--------+-----+--------+

Top non-repeatable levels by time:
       D: 20 daAuts

Table legend:
 A = Kills in this place as a percentage of kills in entire the game.
 B = Kills by you in this place as a percentage of kills by you in the entire game.
 C = Kills by friends in this place as a percentage of kills by friends in the entire game.
 D = Other kills in this place as a percentage of other kills in the entire game.
 E = Experience gained in this place as a percentage of experience gained in the entire game.
 F = Experience gained in this place divided by the number of levels of this place that you have seen.
                   A       B       C       D       E      F
               +-------+-------+-------+-------+-------+----------------------
         Total | 100.0 | 100.0 |   N/A |   N/A | 100.0 |  11.0
       Dungeon | 100.0 | 100.0 |   N/A |   N/A | 100.0 |  11.0
               +-------+-------+-------+-------+-------+----------------------
